[Event "*** Titled Tuesday Blitz"]
[Site "Chess.com"]
[Date "2020.04.07"]
[Round "5"]
[White "canary2016"]
[Black "KerryStead"]
[Result "0-1"]
[WhiteElo "1821"]
[BlackElo "2162"]
[TimeControl "180+1"]
[EndTime "13:56:44 PDT"]
[Termination "KerryStead won by resignation"]

1. Nf3 d5 2. c4 d4 3. b4 a5 4. b5 c5 5. Bb2 b6 6. g3 Bb7 7. Bg2 Qc7 8. O-O Nd7 9. e3 e5 10. Re1 Be7 11. exd4 cxd4 12. Qc2 Rc8 13. d3 f6 14.
Nbd2 Nh6 15. Qd1 Nf7 16. Qe2 O-O 17. Ne4 Bb4 18. Ned2 Nc5 19. a3 Bxd2 20. Nxd2 Bxg2 21. Kxg2 Na4 22. Ne4 Nd6 23. Nxd6 Qxd6 24. Qc2 Nxb2 25.
Qxb2 Qc5 26. Qe2 Rce8 27. Qe4 f5 28. Qe2 e4 29. Qd2 h6 30. Re2 exd3 31. Qxd3 Rc8 32.
Rc1 g6 33. Qf3 Kg7 34. Qb7+ Rf7 35. Qf3 Rd8 36. Re6 Rd6 37. Rxd6 Qxd6 38. Qd3 Rd7 39.
Rd1 Kf6 40. Kg1 Qe5 41. f4 Qe4 42. Qb3 d3 43. Qc3+ Kf7 44. Qd2 Qxc4 45. Rc1 Qd4+ 46. Kf1 Qe4 47. Qa2+ Kg7 48. Qb2+ Kh7 49. Rc8 Qf3+ 50.
Ke1 Re7+ 51. Kd2 Re2+ 0-1

[Event "*** Titled Tuesday Blitz"]
[Site "Chess.com"]
[Date "2020.04.07"]
[Round "5"]
[White "IMTominho"]
[Black "Msb2"]
[Result "1-0"]
[WhiteElo "2819"]
[BlackElo "2925"]
[TimeControl "180+1"]
[EndTime "13:56:45 PDT"]
[Termination "IMTominho won by checkmate"]

1. d4 Nf6 2. c4 e6 3. Nf3 d5 4. Bg5 Bb4+ 5. Nc3 dxc4 6. e4 h6 7. Bxf6 Qxf6 8. Bxc4 c5 9. e5 Qd8 10. O-O cxd4 11. Nxd4 O-O 12. Rc1 Nd7 13. Qe2 Qe7 14. a3 Ba5 15. Bd3 Rd8 16. Bb1 Nf8 17. Nb3 Bb6 18. Ne4 Bd7 19. Nd6 Bc6 20. Rfd1 Bc7 21. Nd4 Bxd6 22. Nxc6 bxc6 23. exd6 Rxd6 24. Rxd6 Qxd6 25. Be4 Rc8 26. Qa6 Qd2 27. Rb1 Rb8 28. b4 c5 29. Qxa7 Rd8 30. h3 cxb4 31. axb4 Rd4 32. Qb7 f5 33. Bf3 Ng6 34. Qc8+ Kf7 35. Bh5 Rd6 36. b5 Kf6 37. b6 Qd3 38. Rd1 Qa3 39.
Rxd6 Qxd6 40. b7 Ne7 41. Qf8+ Kg5 42. b8=Q Qxb8 43. Qxb8 Kxh5 44. Qe8+ Ng6 45. Qxe6 Kg5 46. Qf7 f4 47. Qxg7 h5 48. g3 fxg3 49. fxg3 h4 50. gxh4+ Kh5 51. Qh7# 1-0

[Event "*** Titled Tuesday Blitz"]
[Site "Chess.com"]
[Date "2020.04.07"]
[Round "5"]
[White "vladimirdamjanovic"]
[Black "Sadikhov_Ulvi"]
[Result "0-1"]
[WhiteElo "2514"]
[BlackElo "2717"]
[TimeControl "180+1"]
[EndTime "13:56:45 PDT"]
[Termination "Sadikhov_Ulvi won by resignation"]

1. d4 Nf6 2. c4 g6 3. Nc3 Bg7 4. e4 d6 5. Be2 O-O 6. Be3 a6 7.
Nf3 c6 8. O-O b5 9. Qc2 Bb7 10. h3 Nbd7 11. Rad1 Qb8 12. Rfe1 b4 13. Na4 c5 14. d5 Qc7 15. Bf4 Nb6 16. e5 Nh5 17.
Bh2 Nxa4 18. Qxa4 dxe5 19. Bf1 Nf4 20. Re4 f5 21. Ree1 h6 22. Bxf4 exf4 23. Re6 Bf6 24. d6 exd6 25. Rdxd6 Qg7 26. Ne5 Bc8 27. Nd7 Bxd7 28.
Rxd7 Rf7 29. Rdd6 f3 30. gxf3 Qf8 31. b3 a5 32. Ra6 Rxa6 33. Rxa6 Kg7 34. Re6 Qd8 35.
Qxa5 Qxa5 0-1

[Event "*** Titled Tuesday Blitz"]
[Site "Chess.com"]
[Date "2020.04.07"]
[Round "5"]
[White "LogoCzar"]
[Black "ShahMatKanal"]
[Result "1-0"]
[WhiteElo "2414"]
[BlackElo "2573"]
[TimeControl "180+1"]
[EndTime "13:56:45 PDT"]
[Termination "LogoCzar won on time"]

1. e4 c5 2. Nf3 Nc6 3. d4 cxd4 4. Nxd4 e5 5. Nb5 a6 6. Nd6+ Bxd6 7. Qxd6 Qf6 8. Qxf6 Nxf6 9. Nc3 d5 10. exd5 Nd4 11.
Bd3 Bf5 12. Bxf5 Nxf5 13. Bg5 Nd7 14. O-O-O f6 15. Be3 b5 16. Rhe1 Kf7 17. Ne4 h5 18. h3 h4 19. f4 Nxe3 20. Rxe3 exf4 21. Nd6+ Kg6 22. Re7 Ne5 23. Rf1 Rhd8 24. Re6 Ra7 25.
Rxf4 Rad7 26. Nf5 Rxd5 27. Ne7+ Kf7 28. Nxd5 Kxe6 29. Nc7+ Ke7 30. Nxa6 g5 31. Rb4 Ng6 32. Rxb5 Nf4 33. Rb7+ Ke6 34. Nc5+ Kf5 35. a4 Nxg2 36. a5 Nf4 37. a6 Nxh3 38. a7 Ra8 39. Nd7 g4 40.
Nb6 Rxa7 41. Rxa7 g3 42. Nd5 Ke4 43. Nxf6+ Kf3 44. Rg7 Nf4 45. b4 h3 46. Nd7 h2 47.
Ne5+ Kf2 48. Ng4+ Kf3 49. Nxh2+ gxh2 50. Rh7 Kg2 51. Rxh2+ Kxh2 52. b5 Ne6 53. b6 Nc5 54.
Kd2 Kg3 55. Ke3 Kg4 56. Kd4 Nb7 57. c4 Kf5 58. Kd5 Kf6 59. c5 Ke7 60. c6 Nd6 61. b7 Nxb7 62. cxb7 1-0

[Event "*** Titled Tuesday Blitz"]
[Site "Chess.com"]
[Date "2020.04.07"]
[Round "5"]
[White "THORK"]
[Black "biostatistician"]
[Result "1-0"]
[WhiteElo "2346"]
[BlackElo "2500"]
[TimeControl "180+1"]
[EndTime "13:56:45 PDT"]
[Termination "THORK won on time"]

1. d4 d5 2. Nf3 c6 3. e3 Nf6 4.
c4 Bf5 5. Nc3 e6 6. Nh4 Be4 7.
Nxe4 Nxe4 8. Nf3 Bb4+ 9. Nd2 Qa5 10. f3 Nxd2 11. Bxd2 Nd7 12. a3 Bxd2+ 13. Qxd2 Qxd2+ 14. Kxd2 Ke7 15. Bd3 h6 16. Rhe1 Rhd8 17. Kc3 Rac8 18. b4 e5 19. c5 g6 20. a4 a6 21. Rab1 Ra8 22. Rb3 f5 23. Reb1 e4 24. Bf1 Ra7 25.
b5 axb5 26. axb5 Rda8 27. bxc6 bxc6 28. fxe4 fxe4 29. g3 Ra2 30. R1b2 Rxb2 31. Rxb2 Ra3+ 32. Kd2 Nf6 33. Bh3 h5 34. Rb7+ Kd8 35. Rg7 Ra2+ 36. Ke1 Rxh2 37. Be6 Rg2 38. Rxg6 Ke7 39. Bf5 Kf7 40.
Rg5 Rh2 41. Kf1 h4 42. gxh4 Rxh4 43. Bg6+ Ke6 44. Bf5+ Kf7 45. Kg2 Rh8 46. Bg6+ Ke6 47.
Bf5+ Kf7 48. Bh3 Ra8 49. Kg3 Ra2 50. Kf4 Rf2+ 51. Ke5 Rf3 52. Be6+ Kf8 53. Rg6 Nh5 54. Bg4 1-0

[Event "*** Titled Tuesday Blitz"]
[Site "Chess.com"]
[Date "2020.04.07"]
[Round "5"]
[White "CakeinSpace2002"]
[Black "czasnaszachy"]
[Result "1-0"]
[WhiteElo "2182"]
[BlackElo "2330"]
[TimeControl "180+1"]
[EndTime "13:56:46 PDT"]
[Termination "CakeinSpace2002 won by resignation"]

1. d4 Nf6 2. Bf4 d5 3. e3 c5 4. c3 Nc6 5. Nd2 Qb6 6. Qb3 c4 7. Qc2 g6 8. e4 e6 9. exd5 exd5 10. Ngf3 Bf5 11. Qc1 O-O-O 12. Be2 Re8 13. Ne5 Nxe5 14.
Bxe5 Rg8 15. O-O Nd7 16. Bf3 Nxe5 17. dxe5 Rxe5 18. b3 Bh6 19. bxc4 Rd8 20. cxd5 Rexd5 21. Bxd5 Rxd5 22. Nc4 Qc5 23. Qxh6 Qxc4 24. Rad1 Be6 25. Rxd5 Qxd5 26. Qe3 Qxa2 27. Qc5+ Kb8 28. Rd1 Bc8 29.
h3 Qe6 30. Ra1 b6 31. Qd4 Bb7 32. f3 a5 33. c4 Qc6 34. Rb1 Ka7 35. Kh2 h5 36. Rc1 a4 37. c5 b5 38. Qb4 Ka6 39. Re1 Bc8 40. Rd1 Qc7+ 41. Rd6+ Ka7 42. Qxb5 Bb7 43.
Qxa4+ Kb8 44. Qe8+ Ka7 45. Qa4+ Kb8 46. Qb5 Ka7 47. Qb6+ Qxb6 48. Rxb6 1-0

[Event "*** Titled Tuesday Blitz"]
[Site "Chess.com"]
[Date "2020.04.07"]
[Round "5"]
[White "TomPolgar"]
[Black "erlesfar"]
[Result "1-0"]
[WhiteElo "2315"]
[BlackElo "2027"]
[TimeControl "180+1"]
[EndTime "13:56:46 PDT"]
[Termination "TomPolgar won by resignation"]

1. e4 d5 2. exd5 Qxd5 3. Nc3 Qa5 4. Bc4 Nf6 5. d3 c6 6. Bd2 Qc7 7. a4 Bg4 8. f3 Bh5 9. Nge2 Nbd7 10. Ng3 Bg6 11. Qe2 e6 12. Nce4 Be7 13. Bc3 O-O-O 14. b4 h5 15. Nxf6 Bxf6 16. Bxf6 Nxf6 17. b5 Qa5+ 18. Kf1 c5 19. Kf2 Nd5 20. Ne4 Nc3 21. Qe3 Nxe4+ 22. fxe4 b6 23. Ra3 Rhe8 24. e5 h4 25. Rd1 Qb4 26. Rb3 Qxc4 27. dxc4 Rxd1 28. Qf3 Red8 29. Qa8+ Kd7 30. Qxa7+ Ke8 31. Qxb6 R8d2+ 32. Ke3 Rxc2 33. Qc6+ Kf8 34. Qc8+ Ke7 35. Qxc5+ Ke8 36. Qc6+ Ke7 37. b6 Re1+ 38. Kf3 Rf1+ 39. Kg4 Rxg2+ 40.
Kxh4 Rxh2+ 41. Kg3 Rh5 42. Qc5+ Ke8 43. Qc8+ Ke7 44.
Qc7+ Ke8 45. Qc8+ Ke7 46. Qc5+ Ke8 47. b7 Rg5+ 48. Kh2 Rh5+ 49. Rh3 Rxh3+ 50. Kxh3 Rb1 51. Qc8+ Ke7 52. Qc7+ Ke8 53. b8=Q+ Rxb8 54. Qxb8+ Kd7 55. Qb7+ Kd8 56. c5 1-0

[Event "*** Titled Tuesday Blitz"]
[Site "Chess.com"]
[Date "2020.04.07"]
[Round "5"]
[White "narutosmith"]
[Black "SimonKnightRivendell"]
[Result "1-0"]
[WhiteElo "2196"]
[BlackElo "1884"]
[TimeControl "180+1"]
[EndTime "13:56:46 PDT"]
[Termination "narutosmith won on time"]

1. c4 e5 2. Nc3 Nf6 3. Nf3 d6 4.
d4 exd4 5. Nxd4 g6 6. g3 Bg7 7. Bg2 O-O 8. O-O Nbd7 9. b3 Re8 10. Bb2 Nf8 11. Qd2 Ne6 12. Nxe6 fxe6 13. Rad1 Rb8 14. Nb5 a6 15. Nc3 Bd7 16. e4 e5 17. Qd3 Qe7 18. Bc1 Rf8 19. Bg5 h6 20. Nd5 Qd8 21. Nxf6+ Bxf6 22. Bxh6 Rf7 23. Be3 Bg5 24. f4 exf4 25.
gxf4 Bf6 26. e5 Bf5 27. Qc3 Bg7 28. Bd5 Qh4 29. Bxf7+ Kxf7 30. Bd4 Rh8 31. Qg3 Qe7 32. exd6 Bxd4+ 33. Rxd4 Qf6 34. Rdd1 Rh3 35. Qg5 Qb2 36. Rf2 Qc3 37. d7 Rd3 38. d8=Q Rxd8 39. Rxd8 Qc1+ 40. Rf1 Qe3+ 41. Rf2 Qe1+ 42. Kg2 Be4+ 43. Kh3 Bf5+ 44. Kg3 Qg1+ 45. Kf3 1-0

[Event "*** Titled Tuesday Blitz"]
[Site "Chess.com"]
[Date "2020.04.07"]
[Round "5"]
[White "Kimster98"]
[Black "H3nriqueTV"]
[Result "1-0"]
[WhiteElo "2487"]
[BlackElo "2187"]
[TimeControl "180+1"]
[EndTime "13:56:47 PDT"]
[Termination "Kimster98 won by resignation"]

1. d4 d5 2. Bf4 Nf6 3. e3 c6 4. Bd3 e6 5. Nd2 Bd6 6. Bxd6 Qxd6 7. f4 Nbd7 8. Ngf3 Ng4 9. Qe2 f5 10. c4 O-O 11. h3 Ngf6 12. Ne5 Ne4 13. Nxd7 Bxd7 14. Bxe4 dxe4 15. c5 Qe7 16. Nc4 b6 17.
b4 Rab8 18. O-O Bc8 19. Ne5 Bd7 20. Rab1 Kh8 21. Qc2 b5 22. a4 a6 23. axb5 Rxb5 24. Ra1 Rfb8 25. Rfb1 Ra8 26. Ra5 Be8 27. Qc3 Qb7 28. Nc4 Rxa5 29. Nxa5 Qb5 30. Qc4 Qa4 31. Qxe6 Qc2 32. Qb3 Qe2 33. Qc3 Rb8 34. Rb2 Qd1+ 35. Kh2 Qf1 36. Rd2 Rd8 37. Nc4 Bd7 38. d5 cxd5 39. Rxd5 Qb1 40. Nb6 1-0

[Event "*** Titled Tuesday Blitz"]
[Site "Chess.com"]
[Date "2020.04.07"]
[Round "5"]
[White "igorkovalenko"]
[Black "VincentKeymer"]
[Result "1-0"]
[WhiteElo "2912"]
[BlackElo "2662"]
[TimeControl "180+1"]
[EndTime "13:56:48 PDT"]
[Termination "igorkovalenko won by resignation"]

1. c4 e6 2. Nc3 d5 3. d4 Nf6 4. Bg5 Be7 5. e3 h6 6. Bh4 O-O 7. Nf3 Nbd7 8. Rc1 c5 9. dxc5 Nxc5 10. cxd5 g5 11. Bg3 Nxd5 12. Nxd5 Qxd5 13. Qxd5 exd5 14.
Be2 Bd7 15. O-O Rac8 16. Rcd1 Be6 17. Be5 f6 18. Bd4 a6 19. Nd2 Rfd8 20. Nb1 Ne4 21. Nc3 Nxc3 22. Bxc3 Kg7 23. a3 Bd6 24. Rd2 Be5 25.
Ba5 Rd7 26. Rfd1 Rc6 27. Bf3 b6 28. Bc3 Bxc3 29. bxc3 Rxc3 30. a4 Rb3 31. h3 Rb4 32. a5 b5 33. Ra1 Kf7 34. Be2 Rc7 35. Bf3 Rbc4 36. Bxd5 Rc1+ 37. Rxc1 Rxc1+ 38. Kh2 Bxd5 39. Rxd5 Ra1 40. f4 Rxa5 41. f5 Ke7 42. Rc5 Kd6 43. Rc8 Ke5 44. g4 Ke4 45. Kg3 Ra3 46. Re8+ Kd3 47.
Re6 b4 48. Rxf6 Kc2 49. Rb6 Rxe3+ 50. Kf2 Re4 51. Rxa6 b3 52. Kf3 Rf4+ 53. Ke3 b2 54. Rb6 Kc3 55. f6 Rxf6 56. Rxf6 b1=Q 57. Rc6+ Kb3 58. Rb6+ Kc2 59. Rxb1 Kxb1 60. Ke4 Kc2 61. Kf5 Kd3 62. Kg6 Ke3 63. Kxh6 Kf4 64. Kh5 Kg3 65. Kxg5 Kxh3 66. Kf5 Kg3 67. g5 Kf3 68. g6 Ke3 69. g7 1-0

[Event "*** Titled Tuesday Blitz"]
[Site "Chess.com"]
[Date "2020.04.07"]
[Round "5"]
[White "MiroMiljkovic"]
[Black "tufferguy"]
[Result "1-0"]
[WhiteElo "2600"]
[BlackElo "2408"]
[TimeControl "180+1"]
[EndTime "13:56:48 PDT"]
[Termination "MiroMiljkovic won on time"]

1. d4 d5 2. c4 dxc4 3. Nf3 Nf6 4. e3 g6 5. Bxc4 Bg7 6. h3 O-O 7. O-O a6 8. a4 Nc6 9. Nc3 Bf5 10. Nh4 e5 11. Nxf5 gxf5 12. dxe5 Qxd1 13. Rxd1 Nxe5 14.
Be2 Rad8 15. Bd2 Nd3 16. Bxd3 Rxd3 17. Be1 Rfd8 18. Rxd3 Rxd3 19. Rd1 Rxd1 20. Nxd1 Ne4 21. Kf1 Nc5 22. a5 Nd3 23. b3 Nxe1 24. Kxe1 Bf8 25. Ke2 Bb4 26. Nb2 Bxa5 27. Nc4 Bc3 28. Kd3 Bf6 29. Na5 b6 30. Nc6 Kf8 31. Nb8 a5 32. Kc4 Ke7 33. Kd5 b5 34. Nc6+ Kd7 35. Nxa5 Bc3 36.
Nc6 Be1 37. f3 Bf2 38. e4 fxe4 39. fxe4 Bg3 40. Nd4 Bd6 41. e5 Bb4 42. g4 Bc3 43. Nxb5 c6+ 44. Kc4 Bxe5 45. Nd4 1-0

[Event "*** Titled Tuesday Blitz"]
[Site "Chess.com"]
[Date "2020.04.07"]
[Round "5"]
[White "Incognito_Knight"]
[Black "arminmusovic"]
[Result "1-0"]
[WhiteElo "2712"]
[BlackElo "2517"]
[TimeControl "180+1"]
[EndTime "13:56:49 PDT"]
[Termination "Incognito_Knight won by checkmate"]

1. d4 d5 2. c4 c5 3. dxc5 e6 4. cxd5 Bxc5 5. Nc3 Nf6 6. Nf3 exd5 7. e3 O-O 8. Be2 Nc6 9. O-O Re8 10. Nb5 a6 11. Nbd4 Bd6 12. b3 Ne4 13. Bb2 Ne5 14. Rc1 Ng4 15. h3 Nexf2 16. Rxf2 Nxe3 17. Qd3 Bg3 18. Qc3 Qf6 19. Bd3 Bxf2+ 20. Kxf2 Bd7 21. Re1 Nxg2 22. Kxg2 Qh6 23. Nf5 Qg6+ 24. Ng3 Qh6 25. h4 Rxe1 26. Qxe1 Re8 27. Qc3 f6 28. Qd4 Be6 29. Bf5 Bf7 30. Bc3 Rc8 31. Bd2 g5 32. hxg5 fxg5 33. Nxg5 Rf8 34.
Bxh7+ Qxh7 35. Nxh7 Kxh7 36. Qh4+ Kg8 37. Qg5+ Kh7 38.
Qh6+ Kg8 39. Nf5 Bg6 40. Qg7# 1-0

[Event "*** Titled Tuesday Blitz"]
[Site "Chess.com"]
[Date "2020.04.07"]
[Round "5"]
[White "JulAnt"]
[Black "lIlIlIlI_lIl"]
[Result "0-1"]
[WhiteElo "2420"]
[BlackElo "2610"]
[TimeControl "180+1"]
[EndTime "13:56:49 PDT"]
[Termination "lIlIlIlI_lIl won by resignation"]

1. e4 e5 2. Nf3 Nc6 3. Bb5 g6 4. d4 exd4 5. Bg5 Be7 6. Bxe7 Qxe7 7. Bxc6 dxc6 8. Qxd4 Nf6 9. Nc3 Bg4 10. Nd2 c5 11. Qe3 O-O-O 12. h3 Bd7 13. O-O-O Bc6 14. Rhe1 b6 15. f3 h5 16. Nc4 h4 17. Qf2 Nh5 18.
Ne3 Qg5 19. Kb1 Kb7 20. Ncd5 Bxd5 21. exd5 Rhe8 22. c4 Nf4 23. Qd2 Re7 24. Ng4 Rde8 25. Rxe7 Rxe7 26. Re1 Qf5+ 27. Ka1 Qd3 28. Qc1 Qxc4 29.
Qb1 Rxe1 30. Qxe1 Qxd5 31. a3 Nxg2 32. Qe7 Qd1+ 33. Ka2 Qd5+ 34. Ka1 Nf4 35. Ne5 Qd1+ 36. Ka2 Qd5+ 37. Ka1 Nd3 38. Nxf7 Qd4 39. Nd8+ Ka6 0-1

[Event "*** Titled Tuesday Blitz"]
[Site "Chess.com"]
[Date "2020.04.07"]
[Round "5"]
[White "coalescenet"]
[Black "SmirnovTimofey2000"]
[Result "0-1"]
[WhiteElo "2340"]
[BlackElo "2534"]
[TimeControl "180+1"]
[EndTime "13:56:49 PDT"]
[Termination "SmirnovTimofey2000 won by checkmate"]

1. d4 d5 2. c4 c6 3. Nf3 Nf6 4. Nc3 dxc4 5. a4 Bf5 6. Nh4 e6 7. Nxf5 exf5 8. e3 Nbd7 9. Bxc4 Nb6 10. Bd3 g6 11. O-O a5 12. Qe2 Bg7 13. b3 O-O 14. Bb2 Re8 15. Rfd1 Nfd5 16. Nxd5 Nxd5 17. Bc4 Qd7 18.
Rac1 Re6 19. Bxd5 Qxd5 20. Qc4 Rd6 21. Ba3 Rd7 22. Qd3 Qe6 23. Rc4 Rad8 24. Rdc1 f4 25. Qd2 fxe3 26. fxe3 Bh6 27. Re1 Rd5 28. Rc5 Rxc5 29.
Bxc5 Qxb3 30. Qxa5 Bxe3+ 31. Kh1 Rc8 32. Qb6 Qxb6 33. Bxb6 Bg5 34. g3 Ra8 35. a5 f5 36.
Rb1 Bf6 37. Bc5 Rxa5 38. Rxb7 Ra4 39. Rd7 Rc4 40. Kg2 Rc3 41. Kh3 Rd3 42. Kg2 Rd2+ 43.
Kh3 h5 44. Rd6 Kf7 45. Rxc6 g5 46. Rc7+ Kg6 47. g4 fxg4+ 48. Kg3 Kf5 49. h4 gxh4# 0-1

[Event "*** Titled Tuesday Blitz"]
[Site "Chess.com"]
[Date "2020.04.07"]
[Round "5"]
[White "Caclox"]
[Black "TwentyHourADay"]
[Result "1-0"]
[WhiteElo "2494"]
[BlackElo "2322"]
[TimeControl "180+1"]
[EndTime "13:56:49 PDT"]
[Termination "Caclox won by resignation"]

1. e4 g6 2. d4 Bg7 3. Nc3 d6 4. h4 h6 5. h5 g5 6. f4 gxf4 7. Bxf4 Nc6 8. Nf3 Bg4 9. Bb5 a6 10. Bxc6+ bxc6 11. Rh4 Qd7 12. Qd3 Rb8 13. O-O-O Nf6 14.
e5 Nxh5 15. Bh2 f5 16. exf6 Nxf6 17. Qg6+ Kf8 18. Rf1 Be6 19. Ne5 dxe5 20. dxe5 Bf7 21. Qg3 Rg8 22. exf6 Bxf6 23. Qf3 Qe6 24. Re4 Qd7 25. Bf4 Rg6 26. Be5 Kg7 27. Rf4 Qe6 28. Bxf6+ exf6 29. b3 Qe5 30. Re4 Qc5 31. g4 Rd8 32. Kb2 Rd4 33. Rxd4 Qxd4 34. Qxc6 Rxg4 35. Rd1 Qe5 36. Rd7 Rg3 37. Qxc7 Qxc7 38. Rxc7 h5 39. Ne4 h4 40. Nxg3 hxg3 41. Rc3 Be6 42. Rxg3+ Kf7 43. c4 a5 44. Kc3 Ke7 1-0

[Event "*** Titled Tuesday Blitz"]
[Site "Chess.com"]
[Date "2020.04.07"]
[Round "5"]
[White "Chopper1905"]
[Black "Azerichess"]
[Result "0-1"]
[WhiteElo "2854"]
[BlackElo "3014"]
[TimeControl "180+1"]
[EndTime "13:56:50 PDT"]
[Termination "Azerichess won on time"]

1. d4 Nf6 2. c4 g6 3. Nc3 d5 4.
cxd5 Nxd5 5. e4 Nxc3 6. bxc3 Bg7 7. Nf3 c5 8. Be3 O-O 9. Be2 cxd4 10. cxd4 Qa5+ 11. Bd2 Qa3 12. Rc1 Bg4 13. d5 Qxa2 14.
O-O Nd7 15. Rc7 Rfc8 16. Rxb7 Nc5 17. Rb4 a5 18. Rc4 Bxf3 19. gxf3 Nb3 20. Bg5 Nd4 21. Rxc8+ Rxc8 22. Bd3 Kf8 23. Kg2 a4 24. Qb1 Qxb1 25.
Rxb1 Nb3 26. Bb5 a3 27. Rxb3 a2 28. Ra3 a1=Q 29. Rxa1 Bxa1 30. Bc6 Bd4 31. Bh6+ Kg8 32. Bg5 f6 33. Be3 Bxe3 34. fxe3 e5 35. h4 Kf8 36.
Kg3 Ke7 37. f4 Kd6 38. Kg4 Rb8 39. h5 gxh5+ 40. Kxh5 Rb3 41. fxe5+ Kxe5 42. Kh6 Rxe3 43. Kxh7 Rxe4 44. Kg6 f5 45. Kf7 Rd4 0-1

[Event "*** Titled Tuesday Blitz"]
[Site "Chess.com"]
[Date "2020.04.07"]
[Round "5"]
[White "Dinamo81"]
[Black "hansen"]
[Result "0-1"]
[WhiteElo "2592"]
[BlackElo "3014"]
[TimeControl "180+1"]
[EndTime "13:56:50 PDT"]
[Termination "hansen won on time"]

1. d4 Nf6 2. Bf4 g6 3. Nc3 d5 4. e3 Bg7 5. h4 c6 6. Qd2 b5 7. Bd3 Nbd7 8. Nf3 b4 9. Ne2 a5 10. Ng3 h5 11. Ne5 Nxe5 12. Bxe5 O-O 13. a3 bxa3 14.
Rxa3 Bh6 15. f3 Qb6 16. Rb3 Qa7 17. Ne2 c5 18. dxc5 Qxc5 19. Bd4 Qd6 20. Rb6 Qd8 21. Rb3 Qd6 22. Rb6 Qd8 23. Rb3 Re8 24. Bb5 Bd7 25.
Bb6 Qc8 26. O-O a4 27. Rc3 Qb8 28. Bxd7 Nxd7 29. Bc7 Qb5 30. Qd3 Qb7 31. Nf4 Nf6 32. Be5 Bg7 33. Rd1 Rac8 34. Rxc8 Rxc8 35. Nxd5 Nxd5 36. Qxd5 Qb6 37. Bxg7 Qxe3+ 38. Kh2 Kxg7 39. c3 a3 40. bxa3 Rxc3 41. a4 Qf4+ 42. Kh3 Rc4 43. g3 Qf5+ 0-1

[Event "*** Titled Tuesday Blitz"]
[Site "Chess.com"]
[Date "2020.04.07"]
[Round "5"]
[White "Saloni1299"]
[Black "Firegrizzly"]
[Result "0-1"]
[WhiteElo "2186"]
[BlackElo "2608"]
[TimeControl "180+1"]
[EndTime "13:56:50 PDT"]
[Termination "Firegrizzly won by resignation"]

1. e4 c5 2. Nf3 d6 3. d4 cxd4 4.
Nxd4 Nf6 5. Nc3 Bd7 6. f3 e5 7. Nb3 Bc6 8. Be3 Nbd7 9. Qd2 Be7 10. g4 O-O 11. O-O-O a6 12. g5 Nh5 13. Rg1 b5 14.
Bh3 b4 15. Ne2 a5 16. Bg4 a4 17. Na1 b3 18. Bxh5 bxa2 19. Nc3 Rb8 20. Nxa2 Nb6 21.
Qc3 Bd7 22. Nb4 Rc8 23. Bxb6 Qxb6 24. Nd5 Qd8 25. Nxe7+ Qxe7 26. Qa3 Rc6 27. c3 Be6 28. Nc2 Bb3 29. Nb4 Rb6 30. Nd5 Bxd5 31. Rxd5 g6 32. Bg4 Qxg5+ 33. Rd2 h5 34. h4 Qe3 35. Rd1 hxg4 36. fxg4 Rfb8 37. Kb1 Qxe4+ 38. Ka1 Qxg4 39. Rxd6 Rxb2 40. Rd8+ Kh7 41. Qf8 Qxd1+ 42. Rxd1 Rxf8 43. Kxb2 f5 44. Ka3 Rc8 45. Kb4 a3 46. Ra1 e4 47. Rxa3 Kh6 48. Ra7 Kh5 49. Rh7+ Kg4 50. Rg7 Kxh4 51. Rxg6 f4 52. Re6 e3 53. Kb3 Kg3 54.
Rg6+ Kf2 55. Kc2 f3 56. Rf6 e2 0-1

[Event "*** Titled Tuesday Blitz"]
[Site "Chess.com"]
[Date "2020.04.07"]
[Round "5"]
[White "VladimirBelous"]
[Black "Rish_97"]
[Result "1-0"]
[WhiteElo "2762"]
[BlackElo "2572"]
[TimeControl "180+1"]
[EndTime "13:56:53 PDT"]
[Termination "VladimirBelous won by resignation"]

1. d4 Nf6 2. c4 e6 3. Nc3 Bb4 4. f3 d5 5. a3 Be7 6. Bg5 O-O 7. e3 c5 8. dxc5 Bxc5 9. Bd3 h6 10. Bxf6 Qxf6 11. Qe2 dxc4 12. Bxc4 Nc6 13. Ne4 Qh4+ 14. g3 Qe7 15. Nh3 e5 16. Nhf2 Bb6 17. O-O Kh8 18. Rfd1 f5 19. Nd6 Bc5 20. Nxc8 Raxc8 21. Bd5 Rce8 22.
Kg2 Qg5 23. Bxc6 bxc6 24. Rac1 Qxe3 25. Qxe3 Bxe3 26. Rxc6 Rc8 27. Rdd6 Bc5 28. Re6 Bd4 29. Nd3 Rxc6 30. Rxc6 a5 31. h4 Rb8 32. b4 axb4 33. axb4 h5 34. Rd6 Kg8 35. f4 e4 36. Rxd4 exd3 37.
Kf3 Kf7 38. Ke3 Re8+ 39. Kxd3 Re1 40. b5 Rg1 41. Kc4 Rxg3 42. b6 Rg1 43. Kc5 Rc1+ 44.
Rc4 Rb1 45. Rb4 Rc1+ 46. Kd6 Rd1+ 47. Ke5 Rd8 48. b7 Rb8 49. Kxf5 g6+ 50. Kg5 Kg7 51. Rb5 1-0

[Event "*** Titled Tuesday Blitz"]
[Site "Chess.com"]
[Date "2020.04.07"]
[Round "5"]
[White "AquivaRubinstein"]
[Black "wnstop"]
[Result "0-1"]
[WhiteElo "2396"]
[BlackElo "2585"]
[TimeControl "180+1"]
[EndTime "13:56:53 PDT"]
[Termination "wnstop won by resignation"]

1. e4 c5 2. Nf3 Nc6 3. d4 cxd4 4. Nxd4 Qb6 5. Nb3 Nf6 6. Nc3 e6 7. Bd3 a6 8. O-O d6 9. Kh1 Qc7 10. a4 b6 11. f4 Bb7 12. Qe1 Be7 13. Qg3 O-O 14. Bd2 Kh8 15. Rae1 Nd7 16. Qg4 Bf6 17. Rf3 Nb4 18. Rh3 Nxd3 19. cxd3 g6 20. e5 Bg7 21. d4 h5 22. Ne4 Bxe4 23. Rxe4 Qc4 24. Re1 Qxb3 25. Bc3 Qc2 26. Qg3 dxe5 27. fxe5 Qf5 28.
Qe3 Kh7 29. Qe2 Qg4 30. Qf2 Rac8 31. Rf1 b5 32. Rh4 Qg5 33. Qe2 b4 34. Be1 Rc1 35. Rh3 Nb6 36. Bd2 Rxf1+ 37. Qxf1 Qxd2 38. Qf3 Nd5 39.
Qf1 Qh6 40. Rg3 Rc8 41. h3 Rc1 42. Kh2 Rxf1 0-1

[Event "*** Titled Tuesday Blitz"]
[Site "Chess.com"]
[Date "2020.04.07"]
[Round "5"]
[White "manmanlai1"]
[Black "pedromartinez91"]
[Result "0-1"]
[WhiteElo "2305"]
[BlackElo "2505"]
[TimeControl "180+1"]
[EndTime "13:56:53 PDT"]
[Termination "pedromartinez91 won on time"]

1. e4 c5 2. Nf3 Nc6 3. Bb5 g6 4. Bxc6 bxc6 5. O-O Bg7 6. Re1 d6 7. c3 Nf6 8. d4 cxd4 9. cxd4 O-O 10. h3 Rb8 11. Qc2 Bd7 12. b3 Qa5 13. Bd2 Qh5 14. Qd3 c5 15. Nc3 cxd4 16. Nxd4 Rfe8 17. Rac1 Rbc8 18. f3 Bxh3 19. gxh3 Qxh3 20. Nce2 Nh5 21. Rxc8 Rxc8 22. Qe3 Ng3 23. Nxg3 Qxg3+ 24. Kf1 Bxd4 25. Qxd4 Qxf3+ 26. Qf2 Qd3+ 27. Qe2 Qh3+ 28. Qg2 Qd3+ 29. Qe2 Qg3 30. Rc1 Qh3+ 31. Qg2 Qd3+ 32. Qe2 Rxc1+ 33. Bxc1 Qb1 34. Qd2 Qxe4 35. a4 Qf3+ 36. Qf2 Qxb3 37. Qe3 Qxa4 38. Bd2 Qc4+ 39. Kf2 Qg4 40. Qxa7 Qf5+ 41.
Ke2 Qe5+ 42. Kf2 Kg7 43. Kf1 g5 44. Qa4 f6 45. Qa3 h5 46. Qb3 Qf5+ 47. Ke1 h4 48.
Bc3 Qe4+ 49. Kd2 h3 0-1

[Event "*** Titled Tuesday Blitz"]
[Site "Chess.com"]
[Date "2020.04.07"]
[Round "5"]
[White "EnergeticHay"]
[Black "poummba"]
[Result "0-1"]
[WhiteElo "2192"]
[BlackElo "2488"]
[TimeControl "180+1"]
[EndTime "13:56:53 PDT"]
[Termination "poummba won by resignation"]

1. e4 c6 2. Nf3 d5 3. Nc3 Nf6 4. exd5 cxd5 5. d4 Nc6 6. h3 g6 7. Be2 Bg7 8. O-O O-O 9. Bf4 Ne4 10. Ne5 Nxc3 11. bxc3 Qa5 12. Nxc6 bxc6 13. Qd2 Ba6 14. Rfe1 Bxe2 15. Rxe2 Rfe8 16. Rae1 e6 17. Be5 Qxa2 18. Bxg7 Kxg7 19. h4 h5 20. g4 hxg4 21. h5 Qa3 22. Qg5 Qe7 23. Qxg4 g5 24. f4 Kh6 25. Re5 gxf4 26. Qxf4+ Kh7 27. Kh2 Rg8 28. Rf1 Raf8 29.
Qf3 Qh4+ 30. Qh3 Qxh3+ 31. Kxh3 a5 32. Ree1 Kh6 33. Ra1 Rg5 34. Rxa5 f5 35. Rf4 Rfg8 36. Ra6 Rg3+ 37. Kh2 Rg2+ 38. Kh1 Rg1+ 39. Kh2 R8g2+ 40. Kh3 Rg3+ 41. Kh2 Rxc3 42. Rf2 Rc1 43. Ra2 Kxh5 44. Re2 Kg5 45. Rxe6 R1xc2+ 46. Rxc2 Rxc2+ 47. Kg3 Rc4 48. Kf3 Rxd4 49. Rxc6 Rd1 50. Rc5 d4 51. Rd5 d3 52.
Ke3 Kg4 53. Rd4+ Kg3 54. Rb4 f4+ 55. Rxf4 Re1+ 56. Kxd3 0-1

[Event "*** Titled Tuesday Blitz"]
[Site "Chess.com"]
[Date "2020.04.07"]
[Round "5"]
[White "Haykos"]
[Black "UmutErdemGunduz"]
[Result "1-0"]
[WhiteElo "2601"]
[BlackElo "2410"]
[TimeControl "180+1"]
[EndTime "13:56:54 PDT"]
[Termination "Haykos won by resignation"]

1. e4 e5 2. Nf3 Nc6 3. Bc4 Bc5 4. d3 Nf6 5. O-O O-O 6. c3 d6 7. Re1 a6 8. Bb3 Ba7 9. h3 h6 10. Nbd2 Re8 11. Nf1 Be6 12. Bc2 d5 13. Qe2 Qd7 14.
Ng3 Rad8 15. Nh4 b5 16. Qf3 Nh7 17. Nhf5 f6 18. Qg4 Kh8 19. Bd2 d4 20. a4 dxc3 21. bxc3 b4 22. cxb4 Nd4 23. Bb1 Bxf5 24. Nxf5 Nxf5 25.
Qxf5 Qxf5 26. exf5 Ng5 27. Be3 Bd4 28. Ra2 Nf7 29.
Rc1 Re7 30. Kf1 Nd6 31. Bxd4 exd4 32. g4 Nf7 33. Re2 Red7 34. f4 Rb8 35. Ba2 Nd6 36.
Be6 Re7 37. Rb2 g6 38. Rc6 gxf5 39. gxf5 Kg7 40. Rxa6 c5 41. b5 Ne8 42. Rc6 Nc7 43. Rxc5 Nxe6 44. fxe6 Rxe6 45. a5 Re3 46. b6 Rxh3 47. b7 Rxd3 48. Rc8 Rxb7 49. Rxb7+ Kg6 50. a6 Rf3+ 51. Ke2 Rxf4 52. a7 Re4+ 53. Kd3 Re3+ 54. Kxd4 Re1 55. a8=Q Rd1+ 56. Ke3 1-0